AoeStats
← VALHALLA

Arena

507863746Analyzed
4v4 RM · 13d ago on Sep 20, 2026· 10m 20s· 8 players
Game mode
Random Map
Map size
Large (8 player)
Population
200
Speed
Normal
Resources
Standard
Victory
Conquest
Starting age
Dark Age
Ending age
Imperial Age
RankedLock teamsTeams togetherTeam positionsShared explorationLock speedFull tech treeHidden civsTurbo modeCheats
Victory
Defeat
🇺🇸 Romans · United States
1964
+4
🇺🇸 Turks · United States
1962
+4
🇺🇸 Malay · United States
1761
+9
🇺🇸 Lithuanians · United States
1296
+26
🇻🇳 Teutons · Vietnam
1839
-19
🇧🇴 Tatars · Bolivia
1682
-13
🇦🇷 Inca · Argentina
1465
-6
🇻🇪 Poles · Venezuela
1443
-5
VALHALLA
10:02 Feudal Age
GHOST
2:04 Loom
10:52 Feudal Age
chuoi
11:45 Feudal Age
Ks
Honeybadger
10:05 Loom
12:03 Feudal Age
BoquefiusJerald
9:50 Loom
11:35 Feudal Age
Smokey
10:25 Feudal Age
Emu Warrior
10:18 Feudal Age
Connection lost

Rejoining the realm…

Still unreachable

The connection could not be restored.

Session expired

The server has moved on; the page needs a fresh start.